 Dungeon Crawl Stone Soup version 0.29.0-4-gdea44cf6ec (webtiles) character file.

Game seed: 9147778761205536645

23 qw the Shield-Bearer (level 2, -4/19 HPs)
             Began as a Gargoyle Fighter on Sept 10, 2022.
             Slain by a gnoll
             ... wielding a +0 whip
              (6 damage)
             ... on level 2 of the Dungeon.
             The game lasted 00:00:19 (605 turns).

qw the Shield-Bearer (Gargoyle Fighter)              Turns: 605, Time: 00:00:19

Health: -4/19      AC:  9    Str: 19    XL:     2   Next: 95%
Magic:  2/2        EV:  9    Int:  8    God:
Gold:   20         SH:  4    Dex:  9    Spells: 1/1 levels left

rFire   . . .      SeeInvis .   a - +0 war axe
rCold   . . .      Faith    .   c - +0 buckler
rNeg    + . .      Spirit   .   b - +0 scale mail
rPois   inf        Reflect  .   (no helmet)
rElec   +          Harm     .   (no cloak)
rCorr   .          Rampage  .   (no gloves)
Will    .....                   (no boots)
Stlth   ..........              (no amulet)
HPRegen 0.06/turn               (no ring)
MPRegen 0.08/turn               (no ring)

@: no status effects
A: sickness immunity, AC +2, negative energy resistance 1, electricity
resistance, torment resistance 1, petrification resistance
a: no special abilities


You were on level 2 of the Dungeon.
You visited 1 branch of the dungeon, and saw 2 of its levels.

You collected 39 gold pieces.
You spent 19 gold pieces at shops.


Innate Abilities, Weirdness & Mutations

You are immune to sickness and miasma.
Your stone body is resilient. (AC +2)
You are immune to poison.
You resist negative energy. (rN+)
You are resistant to electric shocks. (rElec)
You are resistant to unholy torment.
You are immune to petrification.


   Skills:
 - Level 3.2 Fighting
 + Level 3.0 Axes
 - Level 3.2 Armour
 - Level 3.2 Shields


You had one spell level left.
You didn't know any spells.
Your spell library was empty.

Inventory:

Hand Weapons
 a - a +0 war axe (weapon)
 e - a +0 club
Armour
 b - a +0 scale mail (worn)
 c - a +0 buckler (worn)
Scrolls
 f - a scroll of butterflies {unknown}
 g - 2 scrolls of acquirement {unknown}
 h - a scroll of immolation {unknown}
 i - 2 scrolls of fear {unknown}
 j - a scroll of amnesia {unknown}
 k - a scroll of blinking {unknown}
 n - a scroll of identify {unknown}
Potions
 d - a potion of might
 l - 2 potions of curing {unknown}
 m - a potion of cancellation {unknown}
 o - 2 potions of attraction {unknown}

Dungeon Overview and Level Annotations

Branches:
Dungeon (2/15)

Altars:

Shops:
D:1 *


Message History

The gnoll shouts!
You hear a shout!
The kobold barely misses you.
You hit the kobold but do no damage. You block the kobold's attack.
You block the gnoll's attack.
You barely miss the kobold. The kobold hits you but does no damage.
You block the gnoll's attack.
A kobold comes into view. It is wielding a +0 dagger.
The kobold barely misses you.
You slash the kobold!
You kill the kobold!
The gnoll barely misses you. The gnoll closely misses you.
You hit the gnoll but do no damage. The gnoll closely misses you.
You barely miss the gnoll. The gnoll hits you but does no damage.
You barely miss the gnoll. The gnoll barely misses you.
A gnoll comes into view. It is wielding a +0 whip.
The kobold misses you. The gnoll barely misses you.
You hit the gnoll.
The gnoll is lightly wounded.
You hit the kobold.
You kill the kobold!
You block the gnoll's attack.
You hit the gnoll but do no damage.
The gnoll is lightly wounded.
The gnoll hits you but does no damage.
You hit the gnoll.
The gnoll is moderately wounded.
The gnoll closely misses you. The gnoll hits you with a +0 halberd!
You closely miss the gnoll.
The gnoll is moderately wounded.
You barely miss the gnoll. The gnoll hits you with a +0 whip.
The gnoll hits you with a +0 halberd!
You slash the gnoll!
You kill the gnoll!
You slash the gnoll! The gnoll completely misses you.
The gnoll hits you with a +0 whip.
You die...

#....... .~ #....... .
~. ###+###'## ~. #.
.......... ~~.#.###
.......... ~~....##
.......... ~~~.#.##
.......... #.#.g.~#
###...#+## #.#)@~~##
#### ####.....~.#
.......#.).# ######
.......#.#...# ......
.......#.#~~~~~~ ##.##
.........#...########...
........#...........#.##
........#####.##.###..#
......................#


You could see a gnoll.

Vanquished Creatures
  A gnoll (D:2)
  A dart slug (D:2)
  3 ball pythons
  2 endoplasms
  A hobgoblin (D:1)
  3 jackals (D:1)
  A quokka (D:1)
  2 bats (D:1)
  2 goblins (D:1)
  4 kobolds
  A rat (D:1)
21 creatures vanquished.

Vanquished Creatures (others)
  A demonic plant (D:2)
1 creature vanquished.

Grand Total: 22 creatures vanquished

Notes
Turn   | Place    | Note
-------+----------+-------------------------------------------
     0 | D:1      | qw the Gargoyle Fighter began the quest for the Orb.
     0 | D:1      | Reached XP level 1. HP: 14/14 MP: 1/1
     0 | D:1      | 0 ||| qw: Version: 0.1-a-116-g5d60599
     0 | D:1      | 0 ||| qw: Game counter: 7512
     0 | D:1      | 0 ||| qw: Always use a shield: true
     0 | D:1      | 0 ||| qw: God list: Okawaru
     0 | D:1      | 0 ||| qw: Allow faded altars: false
     0 | D:1      | 0 ||| qw: Do Orc after D:15 true
     0 | D:1      | 0 ||| qw: Do second Lair branch before Depths: true
     0 | D:1      | 0 ||| qw: Lair rune preference: random
     0 | D:1      | 0 ||| qw: Plans: Normal, Zot, God:TSO, Crypt, Tomb, Zig,
                  | Orb
     0 | D:1      | 0 ||| PLANNING D:1-11
   180 | D:1      | Reached XP level 2. HP: 18/19 MP: 2/2
   230 | D:1      | Found Cyzui's Assorted Antiques.
   240 | D:1      | 240 ||| Stepping ~*~*~tactically~*~*~ (stealth).
   434 | D:1      | 434 ||| SHOPLISTING 2 blue potions (39 gold, have 27).
   434 | D:1      | 434 ||| SHOPLISTING 2 metallic silvery potions (39 gold,
                  | have 27).
   434 | D:1      | 434 ||| BUYING bubbling red potion (19 gold).
   434 | D:1      | Bought a bubbling red potion for 19 gold pieces
   434 | D:1      | 434 ||| SHOPLISTING scroll labelled BOJUAG EWNO (22 gold,
                  | have 8).
   434 | D:1      | 434 ||| SHOPLISTING scroll labelled SIECEWNEGE (22 gold,
                  | have 8).
   434 | D:1      | 434 ||| SHOPLISTING scroll labelled VUEBETWADD (22 gold,
                  | have 8).
   435 | D:1      | You fall into a shaft and drop 1 floor!
   471 | D:2      | Reached skill level 3 in Axes
   592 | D:2      | 592 ||| Stepping ~*~*~tactically~*~*~ (stealth).
   604 | D:2      | HP: 2/19 [gnoll/+0 halberd (7)]
   605 | D:2      | Slain by a gnoll

Levels and vault maps discovered:
D:1:      co_arrival_random_square_maze, layout_rooms, serial_shops,
          nicolae_diamond_shop, amcnicky_mini_rare_corridor_liquid
D:2:      layout_basic, dreamdust_ecumenical_altar_sealed_demon, serial_rivers,
          chequers_serial_rivers_small_a, chequers_serial_rivers_small_b,
          chequers_serial_rivers_micro_a, chequers_serial_rivers_small_b,
          chequers_serial_rivers_micro_b, st_stairs_4, minmay_pentomino_v4,
          uniq_crazy_yiuf_cottage

Skill      XL: |  1  2 |
---------------+-------+-----
Axes           | 2 3 |  3.0
Fighting       | |  3.2
Armour         | |  3.2
Shields        | |  3.2

Action                   || total
-------------------------++-------
Melee: War axe           ||    61
Armor: Scale mail        ||    35
Dodge: Dodged            ||    37
Block: Buckler           ||    10

Table legend:
 A = Non-vault XP
 B = Vault XP
 C = Vault XP percentage of total XP
 D = Non-vault monster count
 E = Vault monster count
 F = Vault count percentage of total count
                 A         B        C        D         E       F
            +---------+---------+-------+---------+---------+-------
      Total |      48 |       0 |   0.0 |      21 |       0 |   0.0
            +---------+---------+-------+---------+---------+-------
        D:1 |      24 |       0 |   0.0 |      15 |       0 |   0.0
        D:2 |      24 |       0 |   0.0 |       6 |       0 |   0.0
            +---------+---------+-------+---------+---------+-------
